Unix NetHack Version 5.0.0-0 post-release - last build May 10 2026 23:12:36 (d1fa5d53e341ca933230fdaa984d921c805b60aa,branch:main).

Game began 2026-05-12 21:10:30, ended 2026-05-12 21:34:38.

CaptainEquinox, neutral female human Valkyrie

                                                       -------------
                                                       |..<........|
                                                     ##-...........|
                                                     # |...........|
                                                    ###............|
                                 ------------ ####  ## --------+----
                                 |C.........C #######
                                 |.....C.....[#d ##
                                 |   -----... @#
                                        ....  s
                                      {.{|C.  #
                                     |.  |.   #
                                     --  -

CaptainEquinox the Skirmisher  St:17 Dx:12 Co:18 In:10 Wi:9 Ch:9  Neutral
Dlvl:8  $:138 HP:0(55) Pw:12(12) AC:1  Xp:5 T:1964 

Latest messages:
 Your little dog eats a bugbear corpse.
 You hit the giant ant!
 The giant ant bites!
 You miss the giant ant.
 You miss the giant ant.
 The giant ant bites!
 The wolf bites!
 You kill the giant ant!
 The wolf bites!
 The rothe hits!
 The rothe bites!
 The rothe misses!
 The giant spider bites!
 You miss the giant spider.
 The giant spider bites!
 You hit the giant spider!
 You hit the giant spider!
 The giant spider bites!
 You miss the giant spider.
 The giant spider bites!
 You kill the giant spider!
 The rothe hits!
 The rothe misses!
 The rothe misses!
 You hit the rothe!
 You kill the rothe!
 You see here a rothe corpse.
 There is a rothe corpse here; eat it? [ynq] (n) y
 This rothe corpse is fatty.
 You stop eating the rothe corpse.
 You hit the wolf!
 You miss the wolf.
 The wolf bites!
 You miss the wolf.
 You miss the wolf.
 The wolf misses!
 You hit the wolf!
 The wolf bites!
 You kill the wolf!
 You hit the giant spider!
 You hit the giant spider!
 The giant spider bites!
 You miss the giant spider.
 The giant spider bites!
 You die...
 Do you want your possessions identified? [ynq] (y) y
 Do you want to see your attributes? [ynq] (y) y
 Do you want an account of creatures vanquished? [ynaq] (y) y
 Do you want to see your conduct and achievements? [ynq] (y) y
 Do you want to see the dungeon overview? [ynq] (y) n

Inventory:
 Coins    ('$')
  $ - 138 gold pieces
 Weapons  (')')
  A - 11 +0 orcish arrows named uncursed
  f - a +3 dagger
  b - a +0 dagger (at the ready)
  a - a +3 spear (weapon in right hand)
 Armor    ('[')
  r - an uncursed +1 pair of speed boots (being worn)
  c - an uncursed +3 small shield (being worn)
  l - an uncursed +2 alchemy smock with text "If you don't like the food, I'll stab you" (being worn)
  n - an uncursed +0 oilskin cloak
 Comestibles  ('%')
  g - an uncursed carrot
  d - 2 uncursed food rations
  H - an uncursed tin of deep fried gecko meat
  E - an uncursed tin of pureed giant ant meat
 Scrolls  ('?')
  u - an uncursed scroll of blank paper
  p - a blessed scroll of charging
  m - an uncursed scroll of create monster
  K - an uncursed scroll of enchant weapon
  I - a cursed scroll of food detection
 Spellbooks  ('+')
  J - an uncursed spellbook of turn undead
 Potions  ('!')
  j - 3 uncursed potions of healing
  C - an uncursed potion of object detection
  q - an uncursed potion of speed
  B - an uncursed potion of water
 Wands    ('/')
  y - a wand of speed monster (0:8)
 Gems/Stones  ('*')
  G - an uncursed worthless piece of yellowish brown glass

CaptainEquinox the Valkyrie's attributes:

Background:
 You were a Skirmisher, a level 5 human Valkyrie.
 You were neutral, on a mission for Odin
 who was opposed by Tyr (lawful) and Loki (chaotic).
 You were right-handed.
 You were in the Dungeons of Doom, on level 8.
 You entered the dungeon 1964 turns ago.
 You had 306 experience points, 14 more were needed to attain level 6.

Basics:
 You had 0 out of 55 hit points.
 You had all 12 energy points (spell power).
 Your armor class was 1.
 Your wallet contained 138 zorkmids.
 Autopickup was off.

Final Characteristics:
 Your strength was 17 (limit:18/100).
 Your dexterity was 12 (limit:18).
 Your constitution was 18 (limit:18).
 Your intelligence was 10 (limit:18).
 Your wisdom was 9 (limit:18).
 Your charisma was 9 (limit:18).

Final Status:
 You weren't hungry.
 You were unencumbered.
 You were wielding a spear.
 You had basic skill with spear.

Final Attributes:
 You were devoutly aligned.
 You were cold resistant.
 You were poison resistant.
 You were acid resistant.
 Your items were protected from acid.
 You were telepathic.
 You were stealthy.
 You were warded.
 You were very fast.
 You are dead.

Miscellaneous:
 You didn't encounter any bones levels.
 Total elapsed playing time was 24 minutes and 7 seconds.

Major events:
 Turn
    1: CaptainEquinox the neutral human Valkyrie entered the dungeon
 1007: entered the Gnomish Mines
 1253: attained the rank of Skirmisher (level 3)
 1964: killed by a giant spider

You didn't know any spells.

Skills:
 Fighting Skills
   bare handed combat [Unskilled]
   two weapon combat  [Unskilled]
   riding             [Unskilled]
 Weapon Skills
   dagger             [Basic]
   axe                [Unskilled]
   pick-axe           [Unskilled]
   short sword        [Unskilled]
   broadsword         [Unskilled]
   long sword         [Unskilled]
   two-handed sword   [Unskilled]
   saber              [Unskilled]
   hammer             [Unskilled]
   quarterstaff       [Unskilled]
   polearms           [Unskilled]
   spear              [Basic]
   trident            [Unskilled]
   lance              [Unskilled]
   sling              [Unskilled]
 Spellcasting Skills
   attack spells      [Unskilled]
   escape spells      [Unskilled]

Voluntary challenges:
 Character rerolling was not enabled.
 You never genocided any monsters.
 You never polymorphed an object.
 You never changed form.
 You used no wishes.
Achievements:
 You entered a shop.
 You entered the Gnomish Mines.
 You attained the rank of Skirmisher.

 The Dungeons of Doom: levels 1 to 8
    Level 1:
       A fountain.
    Level 2:
       A fountain.
    Level 3:
       A general store, a fountain, a sink.
    Level 4:
       Stairs down to The Gnomish Mines.
    Level 5:
       An armor shop, a fountain, a sink.
    Level 6:
       Many fountains, many trees.
    Level 7:
       Some altars.
    Level 8: <- You were here.
       Some fountains.
       Final resting place for
          you, killed by a giant spider.
 The Gnomish Mines:
    Level 5:


Vanquished creatures:
  a wolf
  2 giant spiders
  a bugbear
  a wood nymph
  2 Uruk-hai
  a pony
  a giant ant
  2 floating eyes
  a rothe
  a giant bat
  a monkey
  a giant rat
  2 brown molds
  a gnome zombie
  6 jackals
  2 foxes
  8 grid bugs
  2 lichens
  a kobold zombie
  6 newts
43 creatures vanquished.

No species were genocided or became extinct.

Game over:
                       ----------
                      /          \
                     /    REST    \
                    /      IN      \
                   /     PEACE      \
                  /                  \
                  |  CaptainEquinox  |
                  |      138 Au      |
                  |   killed by a    |
                  |   giant spider   |
                  |                  |
                  |                  |
                  |       2026       |
                 *|     *  *  *      | *
        _________)/\\_//(\/(/\)/\//\/|_)_______

Farvel CaptainEquinox the Valkyrie...

You died in The Dungeons of Doom on dungeon level 8 with 1719 points,
and 138 pieces of gold, after 1964 moves.
You were level 5 with a maximum of 55 hit points when you died.

